 Dungeon Crawl Stone Soup version 0.32-a0-720-g1d96ad0 (webtiles) character file.

Game seed: 862197629679206258

458 PidgeyThePirate the Shooter (level 7, -2/52 HPs)
             Began as a Coglin Hunter on Mar 16, 2024.
             Slain by a gnoll
             ... wielding a +0 halberd
              (7 damage)
             ... on level 4 of the Dungeon.
             The game lasted 00:06:32 (2495 turns).

PidgeyThePirate the Shooter (Coglin Hunter)         Turns: 2495, Time: 00:06:33

Health: -2/52      AC:  3    Str: 13    XL:     7   Next: 6%
Magic:  7/7        EV: 11    Int:  9    God:
Gold:   201        SH:  0    Dex: 17    Spells: 6/6 levels left

rFire   . . .        a - +2 sling {Necuametl}
rCold   . . .        d - +0 sling {Deepnoor}
rNeg    . . .        c - +0 leather armour
rPois   .            (no helmet)
rElec   .            (no cloak)
rCorr   .            (no gloves)
SInv    .            (no boots)
Will    .....        (amulet unavailable)
Stlth   ++           (ring unavailable)
HPRegen 0.28/turn    (ring unavailable)
MPRegen 0.10/turn    (no gizmo)

%: no passive effects
@: revved
A: off-hand wielding, slow wielding, warmup strikes, no jewellery
a: Invent Gizmo


You were on level 4 of the Dungeon.
You visited 1 branch of the dungeon, and saw 4 of its levels.

You collected 201 gold pieces.

Inventory:

Hand Weapons
 a - a +2 sling (weapon) {Necuametl}
 d - a +0 sling (offhand) {Deepnoor}
Armour
 c - a +0 leather armour (worn)
Scrolls
 b - a scroll of butterflies
 e - a scroll of fear {unknown}
 f - 5 scrolls of identify {unknown}
 g - a scroll of immolation {unknown}
 h - a scroll of fog {unknown}
 i - a scroll of enchant weapon {unknown}
 l - a scroll of vulnerability {unknown}
 m - a scroll of teleportation {unknown}
Potions
 j - a potion of haste {unknown}
 k - 2 potions of heal wounds {unknown}


   Skills:
 + Level 3.4 Fighting
 + Level 6.7 Ranged Weapons
 + Level 1.2 Armour
 + Level 2.1 Dodging
 + Level 0.8 Stealth


You had 6 spell levels left.
You didn't know any spells.
Your spell library contained the following spells:

 Spells                   Type           Power      Damage    Failure   Level
 Apportation              Tloc           0%         N/A       45%         1
 Jinxbite                 Hex            0%         N/A       61%         2
 Sigil of Binding         Hex            0%         N/A       83%         3
 Summon Ice Beast         Ice/Summ       0%         N/A       83%         3
 Alistair's Intoxication  Alch           0%         N/A       100%        5


Dungeon Overview and Level Annotations

Branches:
Dungeon (4/15)
 Temple: D:4-7

Altars:
Trog

Annotations:
D:4 1 runed translucent door, Crazy Yiuf


Innate Abilities, Weirdness & Mutations

You can wield a second weapon in your off-hand.
It takes a long time for you to wield or remove held weapons.
Your first few attacks do less damage.
You cannot equip rings or amulets.


Message History

Unknown command.
You are too injured to fight recklessly!
You are too injured to fight recklessly!
You are too injured to fight recklessly!
Fire: a) +2 sling {Necuametl}
Press: ? - help, Q - select action Shift-Dir - straight line, f/p - gnoll
Aim: a gnoll, wielding a +0 halberd (almost dead, 68% to hit)
You shoot a sling bullet.
The sling bullet barely misses the gnoll.
You shoot a sling bullet.
The sling bullet barely misses the gnoll.
The gnoll misses you.
Fire: a) +2 sling {Necuametl}
Press: ? - help, Q - select action Shift-Dir - straight line, f/p - gnoll
Aim: a gnoll, wielding a +0 halberd (almost dead, 68% to hit)
You shoot a sling bullet.
The sling bullet hits the gnoll but does no damage.
The gnoll is almost dead.
You shoot a sling bullet.
The sling bullet barely misses the gnoll.
The gnoll hits you from afar with a +0 halberd!
Fire: a) +2 sling {Necuametl}
Press: ? - help, Q - select action Shift-Dir - straight line, f/p - gnoll
Aim: a gnoll, wielding a +0 halberd (almost dead, 68% to hit)
You shoot a sling bullet.
The sling bullet hits the gnoll but does no damage.
The gnoll is almost dead.
You shoot a sling bullet.
The sling bullet barely misses the gnoll.
The gnoll hits you from afar with a +0 halberd!
* * * LOW HITPOINT WARNING * * *
Fire: a) +2 sling {Necuametl}
Press: ? - help, Q - select action Shift-Dir - straight line, f/p - gnoll
Aim: a gnoll, wielding a +0 halberd (almost dead, 68% to hit)
You shoot a sling bullet. The sling bullet hits the gnoll.
The gnoll is lightly wounded.
You shoot a sling bullet. The sling bullet hits the gnoll.
The gnoll is moderately wounded.
The gnoll hits you from afar with a +0 halberd!
You die...

######## #......#
#......####### #......##....#
#......##....# #......##....#
#............## .
#......##....|###....
#......##....@gg..#
#(.)...##.....#..##
#......##.....##.# .......#...
######.######.##.#[...........
#.............##..............
#......(####.............[....
#^...............##..........g
#.........##...............gg.
#######...................[...


You could see 2 gnolls.

Vanquished Creatures
  Sigmund (D:2)
  A scorpion (D:4)
  Jessica (D:3)
  Natasha (thrice) (D:2)
  An orc wizard (D:3)
  2 gnolls
  An adder (D:2)
  4 dart slugs
  A ribbon worm (D:2)
  4 orcs (D:3)
  7 endoplasms
  2 giant cockroaches
  3 hobgoblins
  4 jackals (D:2)
  5 quokkas
  10 ball pythons
  8 bats
  4 frilled lizards
  4 goblins
  5 kobolds
  7 rats
78 creatures vanquished.

Notes
Turn   | Place    | Note
-------+----------+-------------------------------------------
     0 | D:1      | PidgeyThePirate the Coglin Hunter began the quest for the
                  | Orb.
     0 | D:1      | Reached XP level 1. HP: 16/16 MP: 1/1
    38 | D:1      | Reached XP level 2. HP: 22/22 MP: 2/2
    88 | D:1      | Reached skill level 4 in Ranged Weapons
   285 | D:1      | Reached XP level 3. HP: 27/27 MP: 3/3
   368 | D:1      | Found a faded altar of an unknown god.
   853 | D:2      | Noticed Sigmund
   870 | D:2      | Killed Sigmund
   871 | D:2      | Reached skill level 5 in Ranged Weapons
   871 | D:2      | Reached skill level 1 in Armour
   871 | D:2      | Reached XP level 4. HP: 24/34 MP: 4/4
   871 | D:2      | Reached XP level 5. HP: 28/39 MP: 5/5
   990 | D:2      | Noticed Natasha
   996 | D:2      | Killed Natasha
   997 | D:2      | Reached XP level 6. HP: 46/46 MP: 6/6
  1181 | D:2      | Noticed Natasha
  1186 | D:2      | Killed Natasha
  1187 | D:2      | Reached skill level 6 in Ranged Weapons
  1210 | D:2      | Noticed Natasha
  1221 | D:2      | Killed Natasha
  1597 | D:3      | Got the Compendium of Portents and Chilblains
  1660 | D:3      | Noticed Jessica
  1661 | D:3      | Found the +7 staff of the Meek {protect, meekguard}
  1667 | D:3      | Killed Jessica
  1821 | D:3      | Found a bloodstained altar of Trog.
  2243 | D:4      | Reached XP level 7. HP: 52/52 MP: 7/7
  2326 | D:4      | Found a runed translucent door.
  2327 | D:4      | Noticed Crazy Yiuf
  2495 | D:4      | Slain by a gnoll

Illustrated notes

Levels and vault maps discovered:
D:1:      dpeg_arrival_arbitrary_b, layout_basic, ebering_ecumenical_altar_rust,
          grunt_decor_mini_mirrors, nicolae_eternal_life
D:2:      layout_loops_ring, minmay_misc_feat_nine_boxes, serial_bayou_pond_a,
          uniq_natasha, uniq_sigmund
D:3:      layout_basic, mainiacjoe_overflow_catwalk, dreamdust_wishing_well,
          uniq_jessica
D:4:      layout_rooms, biasface_ghost_orc_armoury, uniq_crazy_yiuf_cottage

Skill      XL: |  1  2  3  4  5  6 |
---------------+-------------------+-----
Dodging        | 2 |  2.1
Ranged Weapons | 4 5 6 |  6.7
Armour         | 1 |  1.2
Fighting       | 3 |  3.4
Stealth        | |  0.8

Action                     |  1- 3 |  4- 6 |  7- 9 || total
---------------------------+-------+-------+-------++-------
   Fire: Sling             |   154 |   164 |    40 ||   358
    Use: Potion            |     2 |       |       ||     2
 Armour: Leather armour    |     7 |    12 |     8 ||    27
         Skin              |     8 |       |       ||     8
  Dodge: Dodged            |     8 |     6 |     4 ||    18

Table legend: (Time is in decaauts)
 A = Elapsed time spent in this place.
 B = Non-inter-level travel time spent in this place.
 C = Inter-level travel time spent in this place.
 D = Time resting spent in this place.
 E = Time spent auto-exploring this place.
 F = Levels seen in this place.
 G = Mean time per level.
                   A        B        C        D        E       F      G
               +--------+--------+--------+--------+--------+-----+--------+
         Total |   2527 |   2351 |    176 |      0 |   1993 |   4 |  631.8 |
       Dungeon |   2527 |   2351 |    176 |      0 |   1993 |   4 |  631.8 |
               +--------+--------+--------+--------+--------+-----+--------+

Top non-repeatable levels by time:
     D:2: 917 daAuts
     D:3: 718 daAuts
     D:1: 669 daAuts
     D:4: 222 daAuts
